 Dungeon Crawl Stone Soup version 0.15.2 (webtiles) character file.

345 the1qrp the Shield-Bearer (level 6, -4/48 HPs)
             Began as a Formicid Fighter on May 7, 2015.
             Was a Follower of Okawaru.
             Killed from afar by thelaststarmaker's ghost (7 damage)
             ... with a blast of negative energy
             ... on Level 5 of the Dungeon on May 8, 2015.
             The game lasted 00:43:36 (4299 turns).

the1qrp the Shield-Bearer (Formicid Fighter)        Turns: 4299, Time: 00:43:36

HP  -4/48        AC  9     Str 21 (22) XL: 6   Next: 90%
MP   8/8         EV  6     Int  7 (8)  God: Okawaru [*.....]
Gold 218         SH  9     Dex  7 (10) Spells:  0 memorised,  5 levels left

rFire  . . .     SeeInvis +     a - +0 war axe
rCold  . . .     Clarity  +     b - +0 scale mail
rNeg   . . .     rCorr    .     c - +1 shield
rPois  +         rRot     .     (helmet unavailable)
rElec  .         Spirit   .     k - +2 cloak
SustAb .         Warding  .     (no gloves)
rMut   .         Stasis   +     (no boots)
Gourm  .                        (no amulet)
MR     .....                    l - ring of flight
                                m - ring of regeneration

@: very heavily drained, not resistant to hostile enchantments, extremely
unstealthy
A: permanent stasis, dig shafts and tunnels, four strong arms, antennae 3,
clarity, deterioration 1, poison resistance, regeneration 1, screaming 1,
evolution 1
a: Dig, Shaft Self, Heroism, Renounce Religion, Evoke Flight


You were on level 5 of the Dungeon.
You worshipped Okawaru.
Okawaru was aware of your devotion.
You were not hungry.

You visited 1 branch of the dungeon, and saw 5 of its levels.

You collected 218 gold pieces.

Inventory:

Hand weapons
 a - a +0 war axe (weapon)
Missiles
 d - a throwing net (quivered)
Armour
 b - a +0 scale mail (worn)
 c - a +1 shield (worn)
 k - a +2 cloak (worn)
 x - a +0 animal skin
 y - a +0 animal skin
 z - a +0 animal skin
 A - a +0 animal skin
 B - a +0 animal skin
 C - a +0 animal skin
Magical devices
 i - a wand of frost (12)
Comestibles
 r - 4 fruits
 t - a meat ration
 u - 3 bread rations
Scrolls
 o - 5 scrolls of amnesia
 v - a scroll of remove curse
 w - a scroll of magic mapping {unknown}
Jewellery
 f - an uncursed ring of stealth
 g - a -5 ring of slaying
 h - a +5 ring of dexterity
 l - a ring of flight (right hand)
 m - a ring of regeneration (left hand)
Potions
 e - a potion of might
 j - a potion of cancellation {unknown}
 n - a potion of curing {unknown}
 p - 2 potions of haste {unknown}
 q - a potion of heal wounds
Miscellaneous
 s - a plain deck of defence


   Skills:
 + Level 4.0(0.8) Fighting
 + Level 3.0(0.0) Axes
 + Level 4.6(1.4) Armour
 + Level 2.6(0.0) Dodging
 + Level 5.5(2.2) Shields
 + Level 0.2(0.0) Invocations
 + Level 0.2(0.0) Evocations


You had 5 spell levels left.
You didn't know any spells.

Dungeon Overview and Level Annotations

Branches:
Dungeon (5/15)
 Temple: D:4-7

Altars:
Nemelex Xobeh
Okawaru
Trog

Annotations:
D:5 thelaststarmaker's ghost, experienced DrDK


Innate Abilities, Weirdness & Mutations

Your are under a permanent stasis effect.
You can dig through walls and to a lower floor.
Your four strong arms can wield two-handed weapons with a shield.
You have a pair of large antennae on your head (SInv).
You possess an exceptional clarity of mind.
Your body is slowly deteriorating.
Your system is resistant to poisons.
Your natural rate of healing is unusually fast.
You occasionally shout uncontrollably at your foes.
You evolve.


Message History

You barely miss thelaststarmaker's ghost.
Thelaststarmaker's ghost is moderately damaged.
You block thelaststarmaker's ghost's attack.
You barely miss thelaststarmaker's ghost.
Thelaststarmaker's ghost is moderately damaged.
Thelaststarmaker's ghost breathes negative energy at you.
The blast of negative energy hits you!
You feel drained.
Thelaststarmaker's ghost hits you but does no damage.
You hit thelaststarmaker's ghost.
Thelaststarmaker's ghost is moderately damaged.
Thelaststarmaker's ghost breathes negative energy at you.
The blast of negative energy hits you!
You feel drained.
Thelaststarmaker's ghost breathes negative energy at you.
The blast of negative energy hits you!
You feel drained.
* * * LOW HITPOINT WARNING * * *
Found a quarterstaff.
Thelaststarmaker's ghost hits you but does no damage.
Thelaststarmaker's ghost breathes negative energy at you.
The blast of negative energy hits you!
You feel drained.
You die...

... ..#......
...........
.........)...
...............
...............
..............#
#..............
#....@..).....
##............
#...W.........
#.............
#.....[.......
#.#.......#..
#...<..>.##
........(.####
#######....


You could see thelaststarmaker's ghost.

Vanquished Creatures
  An ogre (D:4)
  A crimson imp (D:3)
  An orc priest (D:3)
  A centaur skeleton (D:4)
  2 orc wizards (D:3)
  A hound zombie (D:3)
  3 adders
  2 worms
  3 giant geckos
  8 orcs (D:3)
  A bat skeleton (D:4)
  7 goblins
  9 hobgoblins
  A quokka (D:2)
  13 bats
  5 giant cockroaches
  2 giant newts (D:3)
  11 kobolds
  4 rats
76 creatures vanquished.

Notes
Turn   | Place    | Note
--------------------------------------------------------------
     0 | D:1      | the1qrp, the Formicid Fighter, began the quest for the Orb.
     0 | D:1      | Reached XP level 1. HP: 18/18 MP: 1/1
   263 | D:1      | Reached XP level 2. HP: 6/24 MP: 3/3
   618 | D:1      | Reached skill level 4 in Shields
   818 | D:1      | Reached XP level 3. HP: 29/29 MP: 4/4
  1239 | D:2      | Gained mutation: Your natural rate of healing is unusually fast. [potion of beneficial mutation]
  1240 | D:2      | Gained mutation: You occasionally shout uncontrollably at your foes. [potion of mutation]
  1240 | D:2      | Gained mutation: You evolve. [potion of mutation]
  1240 | D:2      | Gained mutation: Your body is slowly deteriorating. [potion of mutation]
  1485 | D:2      | Reached XP level 4. HP: 35/35 MP: 5/5
  1592 | D:2      | Found a bloodstained altar of Trog.
  1592 | D:2      | Found an iron altar of Okawaru.
  1615 | D:2      | Became a worshipper of Warmaster Okawaru
  2135 | D:3      | Reached skill level 1 in Dodging
  2135 | D:3      | Reached XP level 5. HP: 39/41 MP: 7/7
  2261 | D:3      | Reached skill level 5 in Shields
  2341 | D:3      | Acquired Okawaru's first power
  2397 | D:3      | Found a sparkling altar of Nemelex Xobeh.
  2612 | D:3      | Reached XP level 6. HP: 32/48 MP: 8/8
  2620 | D:3      | Gained mutation: Your system is resistant to poisons. [evolution]
  3584 | D:4      | Found a bloodstained altar of Trog.
  3828 | D:4      | Gained mutation: You possess an exceptional clarity of mind. [evolution]
  4282 | D:5      | Entered Level 5 of the Dungeon
  4282 | D:5      | Noticed thelaststarmaker's ghost (experienced DrDK)
  4297 | D:5      | HP: 2/48 [thelaststarmaker's ghost/blast of negative energy (15)]
  4299 | D:5      | Killed from afar by thelaststarmaker's ghost

Action                   |  1- 3 |  4- 6 || total
-------------------------+-------+-------++-------
Melee: War axe           |   160 |   418 ||   578
Invok: Heroism           |       |     1 ||     1
 Abil: Dig               |     5 |     7 ||    12
Evoke: Wand              |       |     1 ||     1
  Use: Scroll            |     8 |     3 ||    11
       Potion            |     2 |       ||     2
  Eat: Bread ration      |     1 |     2 ||     3
       Fruit             |       |     2 ||     2
       Chunk             |       |     1 ||     1
       Meat ration       |       |     1 ||     1
